 Dungeon Crawl Stone Soup version 0.18-a0-921-g28655ce (webtiles) character file.

51142 st0uf the Fencer (level 15, -2/119 HPs)
             Began as a Formicid Fighter on Dec 27, 2015.
             Was the Champion of Makhleb.
             Slain by a dire elephant (22 damage)
             ... on level 8 of the Lair of Beasts.
             The game lasted 01:38:48 (18440 turns).

st0uf the Fencer (Formicid Fighter)                Turns: 18440, Time: 01:38:48

Health: -2/119     AC: 14    Str: 30    XL:     15   Next: 0%
Magic:  15/15      EV: 13    Int:  9    God:    Makhleb [******]
Gold:   1373       SH: 18    Dex: 10    Spells: 0 memorised, 14 levels left

rFire  + + .     SeeInvis +     J - +2 scimitar (flame)
rCold  x . .     Gourm    .     U - +0 fire dragon armour
rNeg   . . .     Faith    .     c - +0 shield
rPois  .         Spirit   .     (helmet unavailable)
rElec  .         Dismiss  .     h - +0 cloak
rCorr  .         Reflect  +     k - +0 pair of gloves
SustAt .         Harm     .     (no boots)
MR     +....                    o - +4 amulet of reflection
Stlth  ..........               b - +4 ring of strength
                                C - +5 ring of slaying

@: somewhat resistant to hostile enchantments, extremely unstealthy
A: permanent stasis, dig shafts and tunnels, four strong arms, antennae 3
a: Dig, Shaft Self, Minor Destruction, Lesser Servant of Makhleb, Major
Destruction, Greater Servant of Makhleb, Renounce Religion


You were on level 8 of the Lair of Beasts.
You worshipped Makhleb.
Makhleb was exalted by your worship.
You were not hungry.

You visited 2 branches of the dungeon, and saw 17 of its levels.
You also visited: Volcano.

You collected 1373 gold pieces.

Inventory:

Hand Weapons
 J - a +2 scimitar of flaming (weapon)
Missiles
 i - 7 throwing nets (quivered)
Armour
 c - a +0 shield (worn)
 h - a +0 cloak (worn)
 k - a +0 pair of gloves (worn)
 U - a +0 fire dragon armour (worn)
Jewellery
 a - an uncursed ring of fire {unknown}
 b - a +4 ring of strength (right hand)
 o - a +4 amulet of reflection (around neck)
 u - an uncursed ring of invisibility
 C - a +5 ring of slaying (left hand)
 E - an uncursed ring of poison resistance
Wands
 r - a wand of random effects (24/48)
Scrolls
 e - a scroll of fear {unknown}
 g - a scroll of acquirement {unknown}
 l - 8 scrolls of remove curse
 w - a scroll of fog
Potions
 d - 4 potions of might
 p - 5 potions of heal wounds
 q - 3 potions of agility
 s - 8 potions of curing
 t - a potion of ambrosia
 F - 2 potions of flight
 G - 3 potions of magic
 K - 2 potions of cancellation
 M - a potion of invisibility
 N - 4 potions of brilliance
 W - a potion of resistance {unknown}
 Z - 2 potions of haste {unknown}
Miscellaneous
 n - a crystal ball of energy
 x - a lamp of fire
Comestibles
 f - 18 bread rations
 j - 13 chunks of flesh
 m - 6 fruits
 v - a meat ration


   Skills:
 + Level 11.3 Fighting
 * Level 16.0 Long Blades
 + Level 9.4 Armour
 + Level 8.4 Dodging
 + Level 12.9 Shields


You had 14 spell levels left.
You didn't know any spells.

Dungeon Overview and Level Annotations

Branches:
Dungeon (9/15)             Temple (0/1) D:4            Lair (8/8) D:9
  Swamp (0/4) Lair:3        Snake (0/4) Lair:5        Slime (0/6) Lair:8
    Orc: D:9-12

Altars:
Cheibriados
Dithmenos
Makhleb
Pakellas
Sif Muna
Trog
Vehumet
Xom
Yredelemnul

Shops:
D:5 =


Innate Abilities, Weirdness & Mutations

You are under a permanent stasis effect.
You can dig through walls and to a lower floor.
Your four strong arms can wield two-handed weapons with a shield.
You have a pair of large antennae on your head (SInv).


Message History

The dire elephant closely misses you.
You hit the dire elephant but do no damage.
The dire elephant is lightly wounded.
The dire elephant closely misses you. You block the dire elephant's attack.
You slice the dire elephant!! You burn the dire elephant.
The dire elephant is moderately wounded.
You hit the dire elephant but do no damage.
The dire elephant is moderately wounded.
You block the dire elephant's attack. The dire elephant trunk-slaps you.
You slash the dire elephant! You burn the dire elephant.
The dire elephant is heavily wounded.
The dire elephant tramples you!!
* * * LOW HITPOINT WARNING * * *
You hold your ground!
You block the dire elephant's attack.
You hit the dire elephant. You burn the dire elephant.
The dire elephant is heavily wounded.
You hit the dire elephant. You burn the dire elephant.
The dire elephant is heavily wounded.
The dire elephant tramples you!!
You die...

....##8.#.#..##...
#''####.#..##.....
##≈≈≈.##.#...#.....
#≈≈≈≈≈.#.#.........
#≈≈≈≈≈≈#.#.......P.
#..≈≈≈##.#........P
##...≈#..#........P
##'####.##.#.....PP
#8@8#...#♣..#....PP
#.Y.#.###..........
###..##.##...........
##.'..#..##...........
##..'..#.##♣....#......
##...####.#
♣...PP......
#.P..#8...#
#♣..........
#....'..### #...#......
#...##8..+ #♣...#.#PP.


You could see a dire elephant.

Vanquished Creatures
  2 dire elephants (Lair:8)
  Harold (Lair:2)
  8 hydras
  Erica (D:8)
  An anaconda (Lair:8)
  Erolcha (D:8)
  4 death yaks (Lair:8)
  Nergalle (Lair:1)
  2 griffons
  5 black mambas
  16 elephants
  7 spiny frogs
  13 komodo dragons
  2 fire drakes
  A guardian mummy (Volcano)
  A troll (D:9)
  A polar bear (Lair:5)
  30 blink frogs
  A minotaur skeleton (Volcano)
  3 slime creatures (Lair:8)
  Sigmund (D:2)
  A flying skull (Volcano)
  A spriggan (D:8)
  30 yaks
  2 basilisks
  5 hippogriffs
  A hill giant skeleton (Volcano)
  Menkaure (D:6)
  15 water moccasins
  25 wolves
  A wasp (D:9)
  12 porcupines
  A sky beast (D:7)
  2 ogres (D:5)
  A phantom (D:4)
  4 black bears
  An ice beast (D:8)
  A manticore skeleton (Volcano)
  2 centaurs
  11 giant frogs
  A big kobold (D:8)
  16 crocodiles
  A gnoll sergeant (D:4)
  2 scorpions
  A wyvern skeleton (D:4)
  3 electric eels
  2 spriggan skeletons (Volcano)
  A centaur zombie (D:9)
  3 crimson imps
  3 hounds
  3 jellies
  3 centaur skeletons (Volcano)
  A giant frog zombie (D:9)
  2 hell rats (Lair:5)
  3 giant frog skeletons
  A two-headed ogre skeleton (Volcano)
  7 worker ants
  4 iguanas
  A killer bee zombie (D:5)
  6 orc wizards
  10 sheep
  2 naga skeletons (Volcano)
  An ogre skeleton (Volcano)
  6 mummies
  4 worker ant zombies
  2 hound skeletons (D:6)
  13 adders
  11 gnolls
  57 river rats
  3 shadow imps
  2 oozes
  An adder zombie (D:8)
  3 worms (D:3)
  2 giant geckos
  25 orcs
  A ball python (D:2)
  5 bats
  4 giant cockroaches
  4 goblins
  6 hobgoblins
  10 jackals
  3 giant gecko skeletons (D:4)
  9 giant newts
  2 jackal skeletons
  12 kobolds
  2 quokka skeletons
  6 rats
  3 plants
492 creatures vanquished.

Vanquished Creatures (others)
  3 centaurs
  An orc wizard (D:7)
  2 kobolds (D:8)
  A bush (Lair:8)
  5 fungi
  7 plants
19 creatures vanquished.

Grand Total: 511 creatures vanquished

Notes
Turn   | Place    | Note
--------------------------------------------------------------
     0 | D:1      | st0uf the Formicid Fighter began the quest for the Orb.
     0 | D:1      | Reached XP level 1. HP: 18/18 MP: 1/1
   132 | D:1      | Reached XP level 2. HP: 22/24 MP: 2/2
   749 | D:2      | Reached XP level 3. HP: 25/30 MP: 3/3
   781 | D:2      | Found a burning altar of Makhleb.
   790 | D:2      | Became a worshipper of Makhleb the Destroyer
   821 | D:2      | Reached skill level 4 in Shields
   931 | D:2      | Reached XP level 4. HP: 18/37 MP: 4/4
  1089 | D:2      | Reached * piety under Makhleb
  1388 | D:2      | Reached skill level 1 in Dodging
  1422 | D:2      | Noticed Sigmund
  2022 | D:3      | Reached XP level 5. HP: 40/42 MP: 5/5
  2183 | D:3      | Found a faded altar to an unknown god.
  2351 | D:4      | Reached XP level 6. HP: 26/48 MP: 6/6
  2693 | D:4      | Found a staircase to the Ecumenical Temple.
  2756 | D:4      | Reached ** piety under Makhleb
  3243 | D:3      | Found a basalt altar of Yredelemnul.
  3243 | D:3      | Found a shadowy altar of Dithmenos.
  3528 | D:4      | Reached XP level 7. HP: 22/55 MP: 7/7
  4008 | D:4      | Found a shimmering altar of Xom.
  4335 | D:2      | Killed Sigmund
  4335 | D:2      | Reached skill level 5 in Long Blades
  4335 | D:2      | Reached skill level 5 in Armour
  4335 | D:2      | Reached skill level 5 in Shields
  4551 | D:5      | Entered Level 5 of the Dungeon
  4562 | D:4      | Reached XP level 8. HP: 35/61 MP: 8/8
  5417 | D:5      | Reached *** piety under Makhleb
  5549 | D:5      | Found Iticzep's Jewellery Boutique.
  5593 | D:5      | Reached skill level 5 in Fighting
  5593 | D:5      | Reached skill level 6 in Long Blades
  5748 | D:6      | Noticed Menkaure
  5770 | D:6      | Killed Menkaure
  6090 | D:6      | Found a bloodstained altar of Trog.
  6096 | D:6      | Reached XP level 9. HP: 46/68 MP: 9/9
  6390 | D:6      | Reached skill level 7 in Shields
  6449 | D:6      | Found a radiant altar of Vehumet.
  6820 | D:7      | Found a snail-covered altar of Cheibriados.
  7468 | D:8      | Noticed Erolcha
  7472 | D:8      | Killed Erolcha
  7472 | D:8      | Reached skill level 8 in Long Blades
  7472 | D:8      | Reached XP level 10. HP: 76/76 MP: 10/10
  7574 | D:8      | Reached **** piety under Makhleb
  7695 | D:8      | Noticed Erica
  7707 | D:8      | Killed Erica
  7959 | D:8      | Reached skill level 9 in Long Blades
  8801 | D:9      | Reached XP level 11. HP: 83/83 MP: 11/11
  8806 | D:9      | Reached skill level 5 in Dodging
  8875 | D:9      | Reached skill level 10 in Long Blades
  8906 | D:9      | Found a staircase to the Lair.
  8928 | D:9      | Reached ***** piety under Makhleb
  9131 | D:9      | Found a deep blue altar of Sif Muna.
  9316 | D:9      | Found an oddly glowing altar of Pakellas.
  9317 | D:9      | Noticed an ice dragon
  9427 | Lair:1   | Entered Level 1 of the Lair of Beasts
  9446 | Lair:1   | Reached skill level 10 in Shields
 10097 | Lair:1   | Noticed Nergalle
 10111 | Lair:1   | Killed Nergalle
 10313 | Lair:2   | Reached skill level 11 in Long Blades
 10336 | Lair:2   | Noticed Harold
 10358 | Lair:2   | Killed Harold
 10654 | Lair:2   | Reached XP level 12. HP: 68/92 MP: 12/12
 11824 | Lair:3   | Reached skill level 12 in Long Blades
 11940 | Lair:3   | Noticed a seven-headed hydra
 11953 | Lair:3   | Killed a three-headed hydra
 12748 | Lair:3   | Noticed a six-headed hydra
 12750 | Lair:3   | Found a staircase to the Swamp.
 12754 | Lair:3   | Killed a two-headed hydra
 13047 | Lair:4   | Noticed a six-headed hydra
 13054 | Lair:4   | Killed a two-headed hydra
 13378 | Lair:4   | Reached XP level 13. HP: 97/101 MP: 13/13
 13403 | Lair:4   | Reached skill level 13 in Long Blades
 13881 | Lair:5   | Reached ****** piety under Makhleb
 14872 | Lair:5   | Found a staircase to the Snake Pit.
 15543 | Lair:6   | Reached skill level 14 in Long Blades
 16101 | Lair:7   | Reached skill level 10 in Fighting
 16188 | Lair:7   | Reached XP level 14. HP: 110/110 MP: 14/14
 16709 | Lair:7   | Found a dark tunnel.
 16714 | Volcano  | Entered a volcano
 16953 | Volcano  | Reached skill level 15 in Long Blades
 17516 | Lair:8   | Entered Level 8 of the Lair of Beasts
 17539 | Lair:8   | Found a staircase to the Slime Pits.
 18400 | Lair:8   | Reached skill level 16 in Long Blades
 18409 | Lair:8   | Reached XP level 15. HP: 85/119 MP: 15/15
 18440 | Lair:8   | Slain by a dire elephant

Vault maps used:
D:1:      dpeg_arrival_boxes_within_box, minmay_curled_crystal
D:2:      nicolae_overflow_crystal_walls, uniq_sigmund
D:3:      gammafunk_temple_overflow_wave, ecumenical_altar_1
D:4:      tgw_xom, minmay_temple_entry_fiery
D:5:      first_bread, serial_shops, nicolae_shop_stone
D:6:      trog_ov_bears_minmay, kennysheep_mini_moat, patterned_corridor,
          uniq_menkaure
D:7:      slow_altar_1
D:8:      the_bakery, uniq_erica, uniq_erolcha
D:9:      lemuel_upstairs_altar, gammafunk_pakellas_cloud_experiment,
          david_lair_generic, basic_altar, nrook_mini_backslash
Lair:1:   serial_bayou_lake_a, uniq_nergalle
Lair:2:   beast_lair_carwin_1, uniq_harold
Lair:3:   minmay_swamp_entry_reptiles, serial_bayou_shore_a
Lair:5:   kennysheep_rathole, dummy_snake_entry, infiniplex_staircase_pool_2,
          grunt_megastairs_2
Lair:6:   minivault_25, bh_autumn_forest_stairs
Lair:7:   enter_volcano_4, serial_bayou_shore_b
Lair:8:   due_jungle_book, minmay_slime_entry_pillars, lemuel_fruit_tree
Volcano:  volcano_tomb

Action                   |  1- 3 |  4- 6 |  7- 9 | 10-12 | 13-15 || total
-------------------------+-------+-------+-------+-------+-------++-------
Melee: Long sword        |   132 |   238 |   279 |    29 |       ||   678
       Scimitar          |       |       |       |   518 |   799 ||  1317
 Abil: Dig               |     1 |       |     5 |     6 |    18 ||    30
  Use: Scroll            |       |     6 |     1 |     1 |    16 ||    24
       Potion            |       |       |       |     1 |       ||     1
  Eat: Chunk             |       |     9 |    13 |    18 |    21 ||    61
       Fruit             |       |       |     1 |     1 |       ||     2
